 Dungeon Crawl Stone Soup version 0.20.1-1-g8b1a95d (webtiles) character file.

270 Gnungangingling the Skirmisher (level 6, 0/53 HPs)
             Began as a Hill Orc Monk on Sept 8, 2017.
             Slain by an adder (4 damage)
             ... on level 3 of the Dungeon.
             The game lasted 00:09:00 (2250 turns).

Gnungangingling the Skirmisher (Hill Orc Monk)      Turns: 2250, Time: 00:09:01

Health: 0/53       AC:  3    Str: 15    XL:     6   Next: 22%
Magic:  6/6        EV: 13    Int: 10    God:
Gold:   120        SH:  0    Dex: 14    Spells: 5/5 levels left

rFire    . . .     SeeInvis .   a - +0 short sword
rCold    . . .     Gourm    .   (no shield)
rNeg     . . .     Faith    .   g - +0 leather armour
rPois    .         Spirit   .   (no helmet)
rElec    .         Reflect  .   (no cloak)
rCorr    .         Harm     .   (no gloves)
MR       .....                  (no boots)
Stlth    ++........             (no amulet)
Regen    0.2/turn               (no ring)
MPRegen  0.1/turn               (no ring)

@: lethally poisoned (0 -> -1)
A: no striking features
a: no special abilities


You were on level 3 of the Dungeon.
You were very full.

You visited 1 branch of the dungeon, and saw 3 of its levels.

You collected 120 gold pieces.

Inventory:

Hand Weapons
 a - a +0 short sword (weapon)
Armour
 b - a +0 robe
 g - a +0 leather armour (worn)
Scrolls
 e - 3 scrolls of remove curse {unknown}
 h - a scroll of blinking {unknown}
 i - a scroll of enchant weapon {unknown}
 k - a scroll of teleportation {unknown}
 l - a scroll of immolation {unknown}
 n - a scroll of amnesia {unknown}
Potions
 o - a potion of degeneration {unknown}
 p - a potion of flight {unknown}
Comestibles
 f - a meat ration
 j - 2 fruits


   Skills:
 + Level 4.7 Fighting
 + Level 4.6 Short Blades
 + Level 2.5 Armour
 + Level 3.3 Dodging
 + Level 2.0 Stealth


You had 5 spell levels left.
You didn't know any spells.

Dungeon Overview and Level Annotations

Branches:
Dungeon (3/15)

Altars:
Ashenzari
Cheibriados
Dithmenos
Uskayaw


Message History

The adder is heavily wounded.
The adder misses you. The adder bites you.
* * * LOW HITPOINT WARNING * * *
You barely miss the adder.
The adder is heavily wounded.
You feel sick. The adder misses you.
You hit the adder.
The adder is heavily wounded.
The adder misses you.
You completely miss the adder.
The adder is heavily wounded.
The adder closely misses you.
You miss the adder.
The adder is heavily wounded.
The adder bites you.
* * * LOW HITPOINT WARNING * * *
You hit the adder.
The adder is severely wounded.
The adder barely misses you. The adder bites you.
You die...

##........# ##.....
##.........# ##......
#..###.....# ##...###'
#..###.....# #...##≈≈.
#..###.....## #..##≈..P
#...#.......####.b#≈.P..
#...#.$.###.....÷.#≈....
#..._.S.# #.......+.P♣⌠(
##..#..@# +.....#.#≈....
#..#..## #.....#.#≈.P..
#.###.. #######.##≈..P
#.###.. ##.##b≈. #.###..
.....###' #......#
####..... ######
........ ######.b ####..


You could see an adder.

Vanquished Creatures
  A water moccasin (D:3)
  A phantom (D:3)
  3 adders (D:2)
  4 worms
  A dart slug (D:2)
  A ball python (D:2)
  8 goblins
  10 hobgoblins
  3 jackals (D:3)
  3 bats
  3 frilled lizards
  4 rats
42 creatures vanquished.

Notes
Turn   | Place    | Note
-------+----------+-------------------------------------------
     0 | D:1      | Gnungangingling the Hill Orc Monk began the quest for the Orb.
     0 | D:1      | Reached XP level 1. HP: 19/19 MP: 1/1
   131 | D:1      | Reached XP level 2. HP: 17/27 MP: 2/2
   310 | D:1      | You fall through a shaft!
   473 | D:2      | Reached XP level 3. HP: 21/33 MP: 3/3
   777 | D:2      | Found a hide-covered altar of Uskayaw.
  1260 | D:2      | Reached skill level 1 in Armour
  1260 | D:2      | Reached XP level 4. HP: 26/40 MP: 4/4
  1487 | D:3      | Found a snail-covered altar of Cheibriados.
  1506 | D:3      | Found a shadowy altar of Dithmenos.
  1826 | D:3      | Noticed a phantom
  1880 | D:3      | Killed a phantom
  1880 | D:3      | Reached XP level 5. HP: 13/47 MP: 5/5
  1977 | D:3      | Noticed a water moccasin
  1994 | D:3      | Killed a water moccasin
  1994 | D:3      | Reached XP level 6. HP: 5/53 MP: 6/6
  2222 | D:3      | Found a shattered altar of Ashenzari.
  2250 | D:3      | Slain by an adder

Skill      XL: |  1  2  3  4  5 |
---------------+----------------+-----
Fighting       | 4 |  4.7
Armour         | 1 2 |  2.5
Short Blades   | 4 |  4.6
Dodging        | 3 |  3.3
Stealth        | 2 |  2.0

Action                   |  1- 3 |  4- 6 || total
-------------------------+-------+-------++-------
Melee: Short sword       |   101 |   110 ||   211
  Use: Potion            |       |     2 ||     2
 Stab: Sleeping          |     2 |     1 ||     3
  Eat: Fruit             |       |     2 ||     2
       Chunk             |       |     1 ||     1
       Bread ration      |       |     2 ||     2
Armor: Robe              |    14 |       ||    14
       Leather armour    |    13 |    23 ||    36
Dodge: Dodged            |    62 |    71 ||   133
